Map: Ephemeron LE

Players

Erik

  • Race: Zerg Zerg
  • League: Master
  • Spawn Location: 11:00

SpeCial - Winner!

  • Race: Terran Terran
  • Spawn Location: 5:00

Event: NationWars 2019

VOD

Have the link to the VOD?

Description

Time

  • Played on: Nov. 14, 2019, 12:32 p.m.
  • Length: 10:59
Show
View Real Time Build Order
Export as new Build Order

Erik Zerg 

Build Orders: Hatch First 

Get SALT Encoding   

  12  0:01  Drone  
  13  0:12  Overlord  
  13  0:17  Drone  
  14  0:30  Drone x2  
  16  0:49  Hatchery  
  15  0:52  Drone  
  15  0:55  Drone  
  17  0:59  Drone  
  18  1:10  Extractor  
  17  1:15  Spawning Pool  
  17  1:17  Drone  
  17  1:21  Drone  
  18  1:27  Drone  
  19  1:39  Drone  
  20  1:49  Drone  
  21  2:01  Queen x2  
  21  2:02  Zergling x2  
  21  2:03  Zergling x2  
  27  2:11  Drone  
  27  2:12  Overlord  
  28  2:26  Hatchery  
  28  2:28  Drone  
  28  2:38  Drone x2  
  28  2:43  Roach Warren  
  29  2:46  Drone  
  30  2:51  Drone  
  30  2:52  Drone  
  30  3:05  Overlord  
  30  3:08  Queen  
  32  3:16  Overlord  
  32  3:24  Roach x4  
  32  3:26  Roach  
  42  3:31  Roach  
  44  3:36  Roach  
  44  3:39  Queen  
  48  3:44  Overlord  
  48  3:46  Drone  
  49  3:51  Drone x2  
  51  3:57  Drone x3  
  54  4:04  Queen  
  56  4:10  Ravager  
  56  4:11  Ravager  
  56  4:12  Overlord  
  56  4:14  Drone  
  56  4:16  Drone  
  56  4:17  Extractor  
  59  4:19  Drone x2  
  61  4:29  Drone  
  62  4:32  Drone x6  
  62  4:34  Drone  
  63  4:46  Roach x4  
  63  4:48  Drone x2  
  63  4:49  Drone  
  68  4:57  Drone x5  
  68  4:59  Drone x2  
  68  5:01  Drone  
  68  5:04  Spore Crawler  
  66  5:08  Drone  
  66  5:09  Drone  
  66  5:11  Spore Crawler  
  66  5:13  Drone x2  
  64  5:15  Spore Crawler  
  60  5:24  Drone x2  
  60  5:28  Drone x2  
  64  5:35  Lair, Metabolic Boost  
  64  5:42  Spore Crawler  
  63  5:43  Drone  
  63  5:47  Drone  
  63  5:48  Drone x3  
  66  5:56  Overlord  
  66  5:58  Overlord  
  66  6:03  Spore Crawler  
  66  6:09  Queen  
  66  6:12  Overlord x2  
  66  6:14  Queen  
  66  6:16  Drone x7  
  75  6:20  Extractor  
  75  6:22  Baneling Nest, Extractor  
  75  6:25  Roach  
  70  6:27  Drone x7  
  70  6:31  Drone x3  
  80  6:42  Evolution Chamber  
  80  6:43  Drone, Evolution Chamber  
  80  6:46  Zergling x6  
  82  6:58  Zergling x12  
  82  6:59  Zergling x12  
  94  7:01  Ravager x2  
  94  7:02  Ravager x2  
  94  7:05  Centrifical Hooks  
  98  7:08  Extractor, Overlord  
  98  7:10  Overseer  
  98  7:14  Drone  
  98  7:24  Overlord  
  98  7:25  Zerg Ground Armor Level 1  
  98  7:26  Hatchery  
  98  7:28  Zerg Melee Weapons Level 1  
  98  7:29  Drone  
  98  7:30  Drone x2  
  98  7:33  Drone x2  
  98  7:35  Hatchery  
  100  7:38  Overlord  
  100  7:40  Zergling x2  
  100  7:41  Zergling x8  
  105  7:50  Zergling x14  
  105  7:51  Zergling x2  
  113  7:54  Overlord  
  113  7:58  Baneling x8  
  113  8:04  Overlord  
  108  8:30  Drone x3  
  108  8:31  Drone x5, Infestation Pit  
  108  8:32  Zergling x10  
  120  8:34  Burrow  
  119  8:48  Zergling x6  
  119  8:49  Zergling x20  
  119  8:54  Baneling x6, Hydralisk Den  
  119  8:55  Baneling x8  
  130  8:59  Zergling x8  
  96  9:24  Zergling x16  
  96  9:25  Zergling x18  
  96  9:27  Baneling x4  
  111  9:31  Zergling x6  
  97  9:45  Roach  
  97  9:46  Roach x5  
  97  9:51  Zergling x8  
  107  9:56  Baneling  
  107  9:57  Baneling x9  
  107  9:59  Zergling x8  
  109  10:01  Queen  
  111  10:09  Ravager  
  111  10:10  Ravager  
  111  10:17  Extractor  
  110  10:26  Zergling x24  
  110  10:27  Zergling x2  
  123  10:28  Baneling, Extractor  
  123  10:32  Extractor  
Show
View Real Time Build Order
Export as new Build Order

SpeCial Terran - Winner!

Build Orders: Reaper Expand, Banshee Rush 

Get SALT Encoding   

  12  0:00  SCV  
  13  0:13  SCV  
  14  0:17  Supply Depot  
  14  0:25  SCV  
  15  0:38  SCV  
  15  0:42  Barracks  
  16  0:44  Refinery  
  16  0:51  SCV  
  17  1:03  SCV  
  18  1:15  SCV  
  19  1:29  Orbital Command, Reaper  
  20  1:40  Command Center  
  20  1:51  Supply Depot  
  20  1:55  SCV  
  20  2:00  Marine  
  22  2:08  Factory  
  22  2:09  SCV  
  23  2:16  Refinery  
  23  2:21  SCV  
  23  2:22  Barracks Reactor  
  24  2:40  SCV  
  25  2:53  SCV  
  25  2:58  Starport  
  26  3:05  SCV  
  26  3:09  Orbital Command  
  26  3:11  Hellion x2  
  30  3:13  Barracks Tech Lab  
  30  3:17  SCV  
  31  3:26  Supply Depot  
  31  3:29  SCV  
  31  3:32  Hellion x2  
  36  3:37  SCV  
  36  3:41  SCV  
  38  3:42  Cloaking Field  
  38  3:46  Banshee  
  39  3:57  Bunker  
  39  4:00  SCV x2  
  41  4:06  Marine x2  
  41  4:07  Factory Tech Lab  
  43  4:12  SCV x2  
  45  4:23  Marine  
  46  4:24  SCV x2, Marine  
  46  4:29  Banshee  
  51  4:33  Siege Tank  
  51  4:36  SCV x2  
  54  4:51  Supply Depot  
  54  4:55  SCV x2  
  54  5:02  Marine  
  54  5:12  Marine  
  54  5:13  SCV x2  
  53  5:22  Command Center  
  53  5:25  SCV x2  
  56  5:37  SCV x2  
  57  5:43  Barracks, Marine  
  57  5:45  Stimpack, Starport Reactor  
  57  5:46  Barracks  
  57  5:49  SCV x2  
  60  5:59  Engineering Bay  
  60  6:00  Engineering Bay  
  60  6:01  SCV, Marine  
  60  6:02  Supply Depot  
  62  6:18  Supply Depot  
  62  6:19  Refinery  
  62  6:20  Refinery  
  62  6:23  Marine  
  62  6:24  SCV x2  
  65  6:28  Terran Infantry Weapons Level 1, Terran Infantry Armor Level 1  
  65  6:32  Supply Depot  
  65  6:33  Starport Reactor  
  65  6:34  Barracks  
  65  6:35  Orbital Command  
  65  6:36  SCV x2  
  65  6:37  Barracks, Supply Depot  
  65  6:39  Marine x2  
  68  6:40  Marine x2  
  68  6:41  Marine  
  68  6:44  Siege Tank  
  75  6:48  SCV x2  
  75  6:53  Orbital Command  
  77  6:56  Supply Depot  
  77  6:57  Marine x4  
  81  7:05  Marine  
  82  7:09  SCV  
  82  7:10  SCV  
  82  7:14  Medivac x2  
  82  7:15  Marine x2  
  89  7:17  Marine x2  
  89  7:18  Supply Depot  
  89  7:19  SCV  
  89  7:22  Barracks Reactor, SCV x2  
  95  7:23  Marine  
  95  7:24  Barracks Reactor  
  95  7:27  Combat Shield, Siege Tank  
  99  7:31  SCV  
  99  7:33  Marine x2  
  99  7:34  SCV x2  
  104  7:37  Supply Depot  
  104  7:38  Supply Depot  
  104  7:39  Marine x2  
  104  7:40  Marine  
  104  7:41  Supply Depot  
  104  7:43  SCV  
  108  7:46  SCV  
  108  7:47  Armory, Medivac  
  108  7:50  Supply Depot  
  108  7:51  Medivac  
  113  7:59  Marine x3  
  113  8:00  Siege Tank, Marine x2  
  113  8:02  Marine  
  122  8:06  SCV  
  123  8:13  Barracks, Barracks Reactor  
  123  8:14  Barracks  
  123  8:15  Barracks  
  123  8:16  Marine  
  123  8:21  Marine x3  
  123  8:24  Supply Depot, Marine x2  
  128  8:27  Refinery  
  128  8:28  Marine  
  128  8:30  Medivac x2  
  128  8:32  Siege Tank  
  128  8:33  Marine  
  137  8:38  Marine  
  138  8:46  Marine  
  138  8:47  Marine x4  
  141  8:51  Marine  
  142  8:56  Marine  
  142  8:57  Command Center  
  142  9:00  Marine  
  142  9:02  Barracks Tech Lab  
  144  9:04  Barracks Tech Lab  
  144  9:09  Marine  
  145  9:10  SCV  
  143  9:21  Marine  
  143  9:22  Marauder  
  126  9:26  Marauder, Marine x6  
  126  9:27  Marine x2, Barracks Tech Lab  
  136  9:33  SCV  
  131  9:43  Marine  
  131  9:44  Siege Tank, Marauder  
  129  9:49  Marauder, Marine  
  129  9:51  Marine x2  
  129  9:52  Marauder x2, Marine  
  128  9:53  Medivac x2  
  128  9:54  Marine  
  133  10:02  Marine x2, Concussive Shells  
  133  10:03  Supply Depot, Marine  
  133  10:05  Marauder  
  133  10:07  Marine  
  138  10:09  Marine x3  
  138  10:11  Marauder  
  138  10:12  Marine  
  138  10:13  Marauder  
  148  10:14  Marauder  
  148  10:16  Siege Tank  
  148  10:20  Marine x2  
  148  10:21  Marine  
  153  10:24  Marine  
  153  10:27  Marauder  
  157  10:32  Marauder  
  157  10:34  Marauder  
  144  10:37  Marauder, Marine x3  
Tags
 
Add a new tag
Caveats
  • Supply blocks, unpowered buildings, or Contaminate may cause inaccurate times.
  • Supply counts are checked every 10 seconds.